 Dungeon Crawl Stone Soup version 0.20.0-10-g0535bb4 (webtiles) character file.

2842 Scud the Thaumaturge (level 10, -2/46 HPs)
             Began as a Kobold Summoner on June 3, 2017.
             Was a Priest of Hepliaklqana.
             Slain by a troll (7 damage)
             ... on level 7 of the Dungeon on June 4, 2017.
             The game lasted 01:26:47 (7761 turns).

Scud the Thaumaturge (Kobold Summoner)              Turns: 7761, Time: 01:26:48

Health: -2/46      AC:  4    Str:  4    XL:     10   Next: 3%
Magic:  25/25      EV: 18    Int: 26    God:    Hepliaklqana [***...]
Gold:   276        SH:  6    Dex: 15    Spells: 18/28 levels left

rFire    . . .     SeeInvis .   q - +7 rapier "Poihahamp" {freeze, rElec Int+4}
rCold    . . .     Gourm    .   (shield restricted)
rNeg     . . .     Faith    .   r - +0 robe
rPois    .         Spirit   .   w - +0 helmet
rElec    +         Reflect  +   (no cloak)
rCorr    .         Harm     .   (no gloves)
MR       ++...                  (no boots)
Stlth    ++........             e - +6 amulet of reflection
Regen    0.2/turn               m - ring of protection from magic
MPRegen  0.2/turn               B - +3 ring of evasion

@: no status effects
A: reduced essence, rugged brown scales 1, carnivore 3, clever 1, high mp 1,
magic resistance 1, weak 1
a: Recall Ancestor, Ancestor Identity, Transference, Renounce Religion


You were on level 7 of the Dungeon.
You worshipped Hepliaklqana.
Hepliaklqana was most pleased with you.
You were not hungry.

You visited 2 branches of the dungeon, and saw 8 of its levels.

You collected 276 gold pieces.

Inventory:

Hand Weapons
 q - the +7 rapier "Poihahamp" (weapon) {freeze, rElec Int+4}
   (You took it off an orc on level 4 of the Dungeon)

   It has been specially enchanted to freeze those struck by it, causing extra
   injury to most foes and up to half again as much damage against particularly
   susceptible opponents.
   It can also slow down cold-blooded creatures.
   It affects your intelligence (+4).
   It insulates you from electricity.
 u - a +2 whip of draining
 D - a +2 whip of freezing
Armour
 r - a +0 robe (worn)
 w - a +0 helmet (worn)
Magical Staves
 v - an uncursed staff of summoning
Jewellery
 d - an uncursed ring of flight
 e - a +6 amulet of reflection (around neck)
 m - a ring of protection from magic (left hand)
 t - an uncursed ring of poison resistance
 B - a +3 ring of evasion (right hand)
Wands
 x - a wand of flame (17/48)
 A - a wand of flame (6/48)
Scrolls
 a - 6 scrolls of identify
 f - a scroll of recharging
 g - 3 scrolls of remove curse
 k - 4 scrolls of amnesia
 n - a scroll of fog
 o - 2 scrolls of teleportation
 y - a scroll of enchant weapon
Potions
 i - a potion of resistance
 j - 4 potions of curing
 l - a potion of lignification
 p - 2 potions of brilliance
 z - 2 potions of might
 C - a potion of heal wounds {unknown}
Books
 b - a book of Callings

   Spells                             Type                      Level
   a - Summon Small Mammal            Summoning                    1
   b - Call Imp                       Summoning                    2
   c - Call Canine Familiar           Summoning                    3
   d - Summon Guardian Golem          Hexes/Summoning              3
   e - Summon Lightning Spire         Summoning/Air                4
   f - Summon Ice Beast               Ice/Summoning                4
 s - a book of Changes

   Spells                             Type                      Level
   a - Beastly Appendage              Transmutation                1
   b - Sticks to Snakes               Transmutation                2
   c - Spider Form                    Transmutation/Poison         3
   d - Ice Form                       Ice/Transmutation            4
   e - Blade Hands                    Transmutation                5
Comestibles
 c - a meat ration
 h - 4 royal jellies


   Skills:
 - Level 2.6 Short Blades
 - Level 0.8 Staves
 - Level 2.4 Dodging
 - Level 2.6 Stealth
 - Level 0.2 Unarmed Combat
 + Level 9.5 Spellcasting
 + Level 9.3 Summonings
 + Level 2.1 Ice Magic
 + Level 1.7 Evocations


You had 18 spell levels left.
You knew the following spells:

 Your Spells              Type           Power        Failure   Level  Hunger
a - Summon Small Mammal   Summ           ####         1%          1    None
b - Call Imp              Summ           ######..     1%          2    None
c - Call Canine Familiar  Summ           ######..     1%          3    None
d - Summon Ice Beast      Ice/Summ       #####...     4%          4    #......


Dungeon Overview and Level Annotations

Branches:
Dungeon (7/15)             Temple (1/1) D:5

Altars:
Ashenzari
Cheibriados
Dithmenos
Elyvilon
Fedhas
Gozag
Hepliaklqana
Kikubaaqudgha
Makhleb
Nemelex Xobeh
Qazlal
Ru
Sif Muna
Trog
Vehumet
Xom
Yredelemnul
The Shining One

Shops:
D:6 [


Innate Abilities, Weirdness & Mutations

You are small and have problems with some larger weapons.
You are carnivorous and can eat meat at any time.
Your life essence is reduced. (-10% HP)
You are partially covered in rugged brown scales. (AC +1, +3% HP)
Your mind is acute. (Int +2)
You have an increased reservoir of magic. (+10% MP)
You are resistant to hostile enchantments. (MR+)
You are weak. (Str -2)


Message History

You block the troll's attack.
Bozena closely misses the troll.
You puncture the troll! You freeze the troll.
The troll is heavily wounded.
The troll bites you! The troll closely misses you. The troll claws you!
* * * LOW HITPOINT WARNING * * *
Bozena barely misses the troll.
Bozena hits the troll with a flail!
You see here an arrow.
You see here an arrow.
You see here an arrow.
You see here 2 arrows.
You see here an arrow.
Items here: ( )) [ รท a falchion; a leather armour; a shortbow; 10 arrows; an orc skeleton You see here 3 arrows.
There is an escape hatch in the ceiling here.
The troll bites you!
* * * LOW HITPOINT WARNING * * *
You block the troll's attack. The troll claws you!
You die...

#.# ####### #.#
#.....# #.#
#.....# #.#
#.....# #.#
#.....# #.#
#######.....######
#.#
#...........'.....
#(#
#.#####.....######
#(# #@# #.....#
#.# #T# #######
#(# #####.# #R#
#...R.# #(#
#.R...#
#.###.....#
#.)(......#
#####....## #....#


You could see the friendly Bozena the knight and a troll.

Vanquished Creatures
  An orc warrior (D:6)
  A sky beast (D:5)
  An ogre (D:4)
  A centaur zombie (D:5)
  A bullfrog zombie (D:5)
  3 orc wizards
  A worker ant (D:4)
  2 hound zombies
  3 adders
  2 shadow imps
  An ooze (D:3)
  An adder zombie (D:5)
  3 leopard geckos
  5 orcs
  2 giant cockroaches
  3 goblins
  3 hobgoblins
  2 jackals (D:4)
  A quokka (D:4)
  A ball python (D:2)
  A kobold (D:7)
  A leopard gecko zombie (D:5)
40 creatures vanquished.

Vanquished Creatures (collateral kills)
  Pikel (D:7)
  Grinder (D:5)
  A hippogriff (D:7)
  Sigmund (D:2)
  Eustachio (D:6)
  Menkaure (D:5)
  A water moccasin (D:6)
  Duvessa (D:4)
  A slave (D:7)
  An ice beast (D:7)
  2 orc warriors
  2 necrophages (D:5)
  An ogre (D:7)
  A centaur (D:7)
  A big kobold (D:7)
  Dowan (D:4)
  A scorpion (D:6)
  2 jellies
  2 hounds
  A bullfrog zombie (D:5)
  2 orc priests
  4 orc wizards
  A bullfrog skeleton (D:5)
  2 centaur skeletons (D:5)
  Terence (D:2)
  5 worker ants
  A hound skeleton (D:5)
  2 worker ant zombies (D:5)
  Robin (D:2)
  A gnoll (D:7)
  11 adders
  A shadow imp (D:5)
  An ooze (D:3)
  2 adder skeletons
  3 worms
  A leopard gecko (D:2)
  28 orcs
  6 giant cockroaches
  12 goblins
  8 hobgoblins
  5 jackals (D:4)
  3 quokkas
  A ball python (D:3)
  3 bats
  3 frilled lizards
  10 kobolds
  A quokka skeleton (D:5)
  8 rats
151 creatures vanquished.

Vanquished Creatures (others)
  A big kobold (D:7)
  A bullfrog (D:7)
  A scorpion (D:7)
  A bullfrog zombie (D:7)
  A centaur skeleton (D:7)
  A hound (D:7)
  A knight (D:6)
  A leopard gecko (D:7)
  2 orcs (D:7)
  A quokka (D:7)
  3 ancestors
  6 kobolds (D:7)
20 creatures vanquished.

Grand Total: 211 creatures vanquished

Notes
Turn   | Place    | Note
-------+----------+-------------------------------------------
     0 | D:1      | Scud the Kobold Summoner began the quest for the Orb.
     0 | D:1      | Reached XP level 1. HP: 10/10 MP: 3/3
   499 | D:1      | Reached XP level 2. HP: 15/15 MP: 0/5
   526 | D:1      | Learned a level 2 spell: Call Imp
  1098 | D:2      | Found a hazy altar of Hepliaklqana.
  1106 | D:2      | Became a worshipper of Hepliaklqana the Forgotten
  1112 | D:2      | Noticed Terence
  1191 | D:2      | Killed Terence
  1191 | D:2      | Reached XP level 3. HP: 10/17 MP: 1/7
  1339 | D:2      | Learned a level 3 spell: Call Canine Familiar
  1361 | D:2      | Noticed Sigmund
  1454 | D:2      | Killed Sigmund
  1454 | D:2      | Reached skill level 5 in Summonings
  1454 | D:2      | Reached XP level 4. HP: 21/21 MP: 1/9
  1454 | D:2      | Reached XP level 5. HP: 25/25 MP: 1/10
  1876 | D:2      | Noticed Robin
  1882 | D:2      | Killed Robin
  2072 | D:2      | Learned a level 4 spell: Summon Ice Beast
  2685 | D:3      | Reached XP level 6. HP: 26/28 MP: 7/12
  2723 | D:3      | Reached * piety under Hepliaklqana
  2786 | D:3      | Gained mutation: You are resistant to hostile enchantments. (MR+) [potion of mutation]
  2786 | D:3      | Gained mutation: You have an increased reservoir of magic. (+10% MP) [potion of mutation]
  2786 | D:3      | Gained mutation: You are partially covered in rugged brown scales. (AC +1, +3% HP) [potion of mutation]
  3003 | D:3      | Found a sacrificial altar of Ru.
  3596 | D:4      | Noticed Duvessa
  3596 | D:4      | Noticed Dowan
  3613 | D:4      | Killed Duvessa
  3613 | D:4      | Reached XP level 7. HP: 33/33 MP: 5/15
  3625 | D:4      | Killed Dowan
  3625 | D:4      | Reached skill level 5 in Spellcasting
  3659 | D:4      | Got a polished rapier {freeze}
  3660 | D:4      | Identified the +7 rapier "Poihahamp" {freeze, rElec Int+4} (You took it off an orc on level 4 of the Dungeon)
  4428 | D:4      | Found an ancient bone altar of Kikubaaqudgha.
  4434 | D:4      | Found a deep blue altar of Sif Muna.
  4441 | D:4      | Found a glowing golden altar of the Shining One.
  4461 | D:5      | Entered Level 5 of the Dungeon
  4478 | D:5      | Reached skill level 1 in Short Blades
  4478 | D:5      | Reached skill level 1 in Ice Magic
  4529 | D:5      | Reached XP level 8. HP: 21/38 MP: 9/18
  4673 | D:5      | Noticed Grinder
  4690 | D:5      | Killed Grinder
  4690 | D:5      | Reached skill level 1 in Evocations
  4726 | D:5      | Gained mutation: Your mind is acute. (Int +2) [mutagenic meat]
  4982 | D:5      | Found a staircase to the Ecumenical Temple.
  4988 | Temple   | Entered the Ecumenical Temple
  4997 | Temple   | Reached ** piety under Hepliaklqana
  4998 | Temple   | Remembered your ancestor Bozena as a knight
  5701 | D:5      | Noticed Menkaure
  5717 | D:5      | Killed Menkaure
  5855 | D:5      | Reached XP level 9. HP: 40/41 MP: 22/22
  6101 | D:6      | Found Tioc's Armour Shop.
  6191 | D:6      | Reached *** piety under Hepliaklqana
  6325 | D:6      | Found a radiant altar of Vehumet.
  6639 | D:6      | Noticed Eustachio
  6653 | D:6      | Killed Eustachio
  7079 | D:7      | Noticed Pikel
  7100 | D:7      | Killed Pikel
  7140 | D:7      | Got a pair of warped gloves
  7146 | D:7      | Identified the cursed +0 pair of gloves of Nauluij {*Contam rPois Dex+7} (You found it on level 7 of the Dungeon)
  7160 | D:7      | Gained mutation: You are weak. (Str -2) [mutagenic glow]
  7405 | D:7      | Noticed a hippogriff
  7416 | D:7      | Killed a hippogriff
  7416 | D:7      | Reached XP level 10. HP: 14/46 MP: 18/25
  7761 | D:7      | Slain by a troll

Skill      XL: |  1  2  3  4  5  6  7  8  9 |
---------------+----------------------------+-----
Spellcasting   | 3 4 5 7 9 |  9.5
Summonings     | 5 6 7 9 |  9.3
Short Blades   | 1 2 |  2.6
Ice Magic      | 1 2 |  2.1
Evocations     | 1 |  1.7
Staves         | |  0.8
Dodging        | |  2.4
Stealth        | |  2.6
Unarmed Combat | |  0.2

Action                   |  1- 3 |  4- 6 |  7- 9 | 10-12 || total
-------------------------+-------+-------+-------+-------++-------
Melee: Unarmed           |    46 |    71 |       |       ||   117
       Rapier            |       |       |   130 |     2 ||   132
       Staff             |       |       |    54 |       ||    54
 Cast: Summon Small Mamm |    13 |       |       |       ||    13
       Call Imp          |    15 |    18 |    26 |       ||    59
       Call Canine Famil |     4 |    10 |    14 |     1 ||    29
       Summon Ice Beast  |       |     2 |    12 |     1 ||    15
Invok: Recall Ancestor   |     1 |       |     1 |       ||     2
       Ancestor Life: Kn |       |       |     1 |       ||     1
 Abil: Evoke Flight      |       |     1 |       |       ||     1
Evoke: Wand              |       |     4 |     5 |       ||     9
  Use: Potion            |     6 |     6 |     1 |       ||    13
       Scroll            |     5 |     4 |     2 |       ||    11
 Stab: Sleeping          |     2 |     1 |     7 |       ||    10
       Distracted        |       |     1 |     1 |       ||     2
  Eat: Chunk             |     7 |     8 |    10 |     2 ||    27
Armor: Robe              |     5 |     9 |    23 |       ||    37
Dodge: Dodged            |    32 |    62 |   134 |     4 ||   232
Block: Other             |    21 |    27 |    57 |     5 ||   110
       Reflection        |     1 |       |       |     3 ||     4
